Match 35213914
Unlisted

Match 35213914
End
Kettenkrad Recon Vehicle
Construct Infanterie Kompanie
Selects Breakthrough Battlegroup
Selects Assault Grenadiers
MG 42 Machine Gun Team
Grenadier Squad
Grenadier Squad
Construct Panzergrenadier Kompanie
Selects 2.5-tonne Cargo Truck
251 Medium Carrier
Infanterie Officer Quarters
2.5-tonne Cargo Truck
GrW 34 Mortar Team
Construct Panzer Kompanie
Pak 40 Anti-tank Gun Team
Selects Blitzkrieg
Grenadier Squad
Panzer IV Medium Tank
Panzer Officer Quarters
Panzer IV Medium Tank
Pioneer Squad
Panzer IV Medium Tank
Side Skirts
Blitzkrieg
Selects Tiger Heavy Tank
Pioneer Squad
Tiger Heavy Tank
MAOMAO
nop.8
何地啊
ekki
PapaPowell
Welly
spaceisfun
[TH]DogSlayer
0
0

Comments sign in to comment!

No comments posted yet!